 Dungeon Crawl Stone Soup version 0.30.0-18-gc0e69614cb (webtiles) character file.

Game seed: 1645828942120095503

23 jasper the Grave Robber (level 2, -1/19 HPs)
             Began as a Demonspawn Necromancer on May 25, 2023.
             Slain by a worm (4 damage)
             ... on level 2 of the Dungeon.
             The game lasted 00:01:21 (1077 turns).

jasper the Grave Robber (Demonspawn Necromancer)    Turns: 1077, Time: 00:01:21

Health: -1/19      AC:  2    Str:  8    XL:     2   Next: 72%
Magic:  0/5        EV: 12    Int: 16    God:
Gold:   65         SH:  0    Dex: 13    Spells: 4/5 levels left

rFire   . . .        e - +0 mace (vamp)
rCold   . . .        (no shield)
rNeg    . . .        a - +0 robe
rPois   .            (no helmet)
rElec   .            (no cloak)
rCorr   .            (no gloves)
SInv    .            (no boots)
Will    .....        (no amulet)
Stlth   ++           (no ring)
HPRegen 0.23/turn    (no ring)
MPRegen 0.09/turn

%: no passive effects
@: no status effects
A: demonic magic 1
a: no special abilities


You were on level 2 of the Dungeon.
You visited 1 branch of the dungeon, and saw 2 of its levels.

You collected 65 gold pieces.

Inventory:

Hand Weapons
 e - a +0 vampiric mace (weapon)
Armour
 a - a +0 robe (worn)
Scrolls
 c - a scroll of vulnerability {unknown}
Potions
 b - a potion of magic
 h - 3 potions of curing
 j - a potion of heal wounds {unknown}
 k - a potion of might {unknown}


   Skills:
 - Level 1.7 Dodging
 - Level 1.7 Stealth
 - Level 2.0 Spellcasting
 * Level 5.3 Necromancy


You had 4 spell levels left.
You knew the following spells:

 Your Spells              Type           Power      Damage    Failure   Level
a - Necrotise             Necr           72%        1d7       2%          1

Your spell library contained the following spells:

 Spells                   Type           Power      Damage    Failure   Level
 Vampiric Draining        Necr           18%        2d7       7%          3
 Animate Dead             Necr           18%        N/A       22%         4
 Agony                    Necr           18%        N/A       54%         5


Dungeon Overview and Level Annotations

Branches:
Dungeon (2/15)

Altars:


Innate Abilities, Weirdness & Mutations

Spells you cast may paralyse adjacent enemies.


Message History

Found a stone staircase leading up.
h - 3 potions of curing (gained 2)
c - a scroll labelled XEAHIDUSMI You open the door.
There is an open door here.
You now have 65 gold pieces (gained 11).
Found a stone staircase leading down.
There is a stone staircase leading up here.
You open the door.
There is an open door here.
You open the door.
Found an escape hatch in the floor.
There is an open door here.
A worm comes into view.
Found a stone staircase leading up.
The worm writhes in agony.
Malevolent energies surge around you.
You now have 4/5 mp.
The worm writhes in agony.
Malevolent energies surge around you.
You now have 3/5 mp.
The worm writhes in agony.
Malevolent energies surge around you.
You now have 2/5 mp.
The worm writhes in agony.
Malevolent energies surge around you.
The worm suddenly stops moving!
You now have 1/5 mp.
The worm barely resists.
Malevolent energies surge around you.
You now have 0/5 mp.
The helpless worm fails to defend itself.
You hit the worm.
The worm is severely wounded.
The worm is no longer paralysed.
The worm bites you!
You take 7 damage, and have 12/19 hp.
MASSIVE DAMAGE!!
You barely miss the worm.
The worm is severely wounded.
The worm bites you!
* * * LOW HITPOINT WARNING * * *
You take 9 damage, and have 3/19 hp.
MASSIVE DAMAGE!!
You hit the worm.
The worm is almost dead.
The worm bites you.
You die...

....#. #..... #.....#
....... ....... #######
....... #.....#
......w##.....#####
.......@'.....'...#
........#.....###.###
.>......#.....+.....# ##
........#.....###.#.# #.
<..<....#.........#.# #.
........+...........# #.
.......##.....#########>
..............<.........
#...........#####.


You could see a worm.

Vanquished Creatures
  2 endoplasms (D:1)
  3 giant cockroaches (D:1)
  A goblin (D:1)
  3 hobgoblins (D:1)
  2 quokkas (D:1)
  3 ball pythons (D:1)
  2 bats (D:1)
  3 frilled lizards (D:1)
19 creatures vanquished.

Notes
Turn   | Place    | Note
-------+----------+-------------------------------------------
     0 | D:1      | jasper the Demonspawn Necromancer began the quest for the
                  | Orb.
     0 | D:1      | Reached XP level 1. HP: 13/13 MP: 3/3
   248 | D:1      | Gained mutation: Spells you cast may paralyse adjacent
                  | enemies. [demonic ancestry]
   248 | D:1      | Reached XP level 2. HP: 19/19 MP: 1/5
   346 | D:1      | Reached skill level 5 in Necromancy
  1077 | D:2      | Slain by a worm

Illustrated notes

Levels and vault maps discovered:
D:1:      psy_arrival_dodecagon, layout_loops_ring
D:2:      layout_basic, hellmonk_ecumenical_altar_inner_sanctum, kennysheep_nub

Skill      XL: |  1  2 |
---------------+-------+-----
Necromancy     | 5 |  5.3
Dodging        | |  1.7
Stealth        | |  1.7
Spellcasting   | |  2.0

Action                     || total
---------------------------++-------
  Melee: Mace              ||     3
   Cast: Necrotise         ||    38
    Use: Scroll            ||     6
   Stab: Paralysed         ||     1
 Armour: Robe              ||     2
  Dodge: Dodged            ||     2
